 Dungeon Sprint DCSS version 0.24-a0-439-g6dd8730de2 (webtiles) character file.

Game seed: 16057788154001119587

14184 mahrnol the Tortoise (level 11, -16/111 HPs)
             Began as a Minotaur Fighter on June 17, 2019.
             Was the Champion of Makhleb.
             Killed from afar by an ice dragon (31 damage)
             ... with a blast of cold
             ... in the Dungeon (Sprint IX: "|||||||||||||||||||||||||||||").
             The game lasted 00:24:15 (2527 turns).

mahrnol the Tortoise (Minotaur Fighter)             Turns: 2527, Time: 00:24:16

Health: -16/111    AC: 27    Str: 27    XL:     11   Next: 85%
Magic:  21/21      EV:  8    Int:  8    God:    Makhleb [******]
Gold:   664        SH:  0    Dex: 12    Spells: 10/10 levels left

rFire    . . .     SeeInvis .   N - +9 scythe of World Downfall {flame, Str+2}
rCold    . . .     Gourm    .   (shield currently unavailable)
rNeg     + . .     Faith    .   I - +2 plate armour {rPois}
rPois    +         Spirit   .   C - +0 hat {Int+3}
rElec    .         Reflect  .   B - +0 cloak
rCorr    .         Harm     .   J - +0 pair of gloves {Dex+3}
MR       .....     NoTele   +   K - +2 pair of boots {run}
Stlth    ..........             (no amulet)
HPRegen  0.28/turn              l - ring of positive energy
MPRegen  0.17/turn              t - +2 ring of protection

@: quick
A: retaliatory headbutt, horns 2
a: Minor Destruction, Lesser Servant of Makhleb, Major Destruction, Greater
Servant of Makhleb, Renounce Religion


You were in the Dungeon.
You worshipped Makhleb.
Makhleb was exalted by your worship.
You were not hungry.

You visited 1 branch You collected 1900 gold pieces.
You spent 1236 gold pieces at shops.

Inventory:

Hand Weapons
 u - a +2 morningstar of venom
 v - a +2 rapier of draining
 w - a +2 scimitar of holy wrath
 A - a +0 dagger of chaos
 E - a +1 antimagic flail
 F - a +3 short sword
 G - a +2 scimitar of flaming
 N - the +9 scythe of World Downfall (weapon) {flame, Str+2}
   (You found it in the Dungeon)

   It has been specially enchanted to burn those struck by it, causing extra
   injury to most foes and up to half again as much damage against particularly
   susceptible opponents.
   Big, fiery blades are also staple armaments of hydra-hunters.
   It affects your strength (+2).
 O - a +2 hand crossbow of freezing
Armour
 c - a +0 shield
 B - a +0 cloak (worn)
 C - a +0 hat of intelligence (worn)
 H - a +1 chain mail of cold resistance
 I - a +2 plate armour of poison resistance (worn)
 J - a +0 pair of gloves of dexterity (worn)
 K - a +2 pair of boots of running (worn)
 P - +1 ice dragon scales
 Q - +0 acid dragon scales
 R - +0 acid dragon scales
 S - +0 storm dragon scales
 T - a +3 chain mail
Jewellery
 l - a ring of positive energy (left hand)
 q - an uncursed ring of protection from magic
 r - an uncursed ring of protection from fire
 s - a +2 ring of evasion
 t - a +2 ring of protection (right hand)
 L - an uncursed ring of protection from cold
 M - an uncursed ring of protection from fire
Wands
 p - a wand of iceblast (10)
Scrolls
 b - a scroll of enchant armour
 k - 3 scrolls of blinking
 n - 7 scrolls of remove curse
 o - 2 scrolls of amnesia
 x - 3 scrolls of identify
 y - 2 scrolls of fog
 z - 2 scrolls of fear
Potions
 a - 2 potions of resistance
 d - 3 potions of might
 e - 5 potions of curing
 g - 6 potions of heal wounds
 h - 2 potions of haste
 i - 4 potions of magic
 j - 2 potions of berserk rage
 m - a potion of invisibility
 U - 2 potions of brilliance
 V - 2 potions of agility
Comestibles
 f - 10 rations


   Skills:
 + Level 14.6 Fighting
 + Level 10.9 Long Blades
 - Level 14.0 Maces & Flails
 * Level 4.1 Polearms
 + Level 15.0 Armour
 + Level 14.2 Shields
 + Level 14.9 Invocations


You had 10 spell levels left.
You didn't know any spells.
Your spell library was empty.

Dungeon Overview and Level Annotations

Branches:
Dungeon (1/1)

Altars:
Cheibriados
Dithmenos
Elyvilon
Fedhas
Gozag
Hepliaklqana
Kikubaaqudgha
Makhleb
Nemelex Xobeh
Okawaru
Qazlal
Ru
Sif Muna
Trog
Uskayaw
Vehumet
Wu Jian
Xom
Yredelemnul
Zin
The Shining One
Beogh
Jiyva
Lugonu

Shops:
D }[[?


Innate Abilities, Weirdness & Mutations

You reflexively headbutt those who attack you in melee.
You have a pair of horns on your head.


Message History

Attack whom?
Press: ? - help, Dir - move target cursor, f - yaktaur
Aim: a yaktaur (lightly wounded)
You could not reach far enough!
Your hellwing hits the yaktaur! Your hellwing hits the yaktaur.
The yaktaur completely misses your hellwing.
Your hellwing hits the yaktaur! Your hellwing hits the yaktaur.
Attack whom?
Press: ? - help, Dir - move target cursor, f/p - yaktaur
Aim: a yaktaur (severely wounded)
You could not reach far enough!
The yaktaur wields a +0 arbalest.
The yaktaur shoots a bolt.
The bolt hits your hellwing but does no damage.
Your hellwing hits the yaktaur! x2
The yaktaur dies!
Makhleb accepts your kill.
Your Polearms skill increases to level 4!
The ice dragon breathes frost at you. The blast of cold misses your hellwing.
The blast of cold hits you!!
You die...

▓.▓.▓.▓.▓.▓.▓.▓
▓.▓.▓∩▓.▓.▓.▓[▓
▓C▓.▓.▓.▓.▓.▓[▓
▓c▓.▓.▓.▓.▓.▓|▓
▓.▓.▓.▓.▓.▓.▓.▓
▓D▓.▓.▓.▓.▓.▓.▓
▓)▓.▓)▓.▓'▓.▓'▓
▓4▓.▓)▓.▓.▓.▓_▓
▓@▓.▓.▓.▓.▓.▓_▓
▓.▓.▓)▓.▓.▓.▓_▓
▓.▓.▓.▓.▓.▓.▓_▓
▓.▓.▓)▓.▓.▓.▓_▓
▓.▓.▓)▓.▓.▓.▓_▓
▓.▓.▓.▓.▓.▓.▓_▓
▓.▓.▓.▓.▓.▓.▓_▓
▓.▓.▓.▓.▓.▓.▓_▓
▓.▓.▓.▓.▓'▓.▓_▓


You could see an ice dragon, an ettin, a yaktaur and a friendly hellwing.

Vanquished Creatures
  Gastronok (D)
  Erolcha (D)
  A death knight (D)
  A tengu warrior (D)
  3 orc high priests (D)
  2 orc knights (D)
  A cyclops (D)
  2 orc sorcerers (D)
  2 black mambas (D)
  Psyche (D)
  3 spiny frogs (D)
  A freezing wraith (D)
  A troll (D)
  3 blink frogs (D)
  A shadow (D)
  Eustachio (D)
  3 yaks (D)
  2 vampire mosquitoes (D)
  2 water moccasins (D)
  3 porcupines (D)
  9 orc warriors (D)
  2 sky beasts (D)
  2 ogres (D)
  5 crocodiles (D)
  6 bullfrogs (D)
  A hound (D)
  4 orc priests (D)
  2 orc wizards (D)
  2 worker ants (D)
  An adder (D)
  An adder skeleton (D)
  An adder zombie (D)
  15 orcs (D)
  A bat skeleton (D)
  A bat zombie (D)
  A jackal (D)
  A quokka (D)
  A bat (D)
  2 goblins (D)
  A rat (D)
94 creatures vanquished.

Vanquished Creatures (collateral kills)
  An orc high priest (D)
  A yaktaur (D)
  An orc (D)
3 creatures vanquished.

Grand Total: 97 creatures vanquished

Notes
Turn   | Place    | Note
-------+----------+-------------------------------------------
     0 | D        | mahrnol the Minotaur Fighter began the quest for the Orb.
     0 | D        | Reached XP level 1. HP: 19/19 MP: 0/0
     6 | D        | Reached skill level 4 in Armour
    63 | D        | Noticed a sky beast
    66 | D        | Reached XP level 2. HP: 28/28 MP: 1/1
    81 | D        | Killed a sky beast
    81 | D        | Reached skill level 5 in Maces & Flails
    81 | D        | Reached skill level 6 in Armour
    81 | D        | Reached XP level 3. HP: 27/38 MP: 2/2
    81 | D        | Reached XP level 4. HP: 32/45 MP: 3/3
   100 | D        | Found a roughly hewn altar of Beogh.
   100 | D        | Found a snail-covered altar of Cheibriados.
   100 | D        | Found a shadowy altar of Dithmenos.
   100 | D        | Found a white marble altar of Elyvilon.
   100 | D        | Found a blossoming altar of Fedhas.
   100 | D        | Found an opulent altar of Gozag.
   101 | D        | Found a hazy altar of Hepliaklqana.
   102 | D        | Found a viscous altar of Jiyva.
   103 | D        | Found an ancient bone altar of Kikubaaqudgha.
   104 | D        | Found a corrupted altar of Lugonu.
   105 | D        | Found a burning altar of Makhleb.
   106 | D        | Found a sparkling altar of Nemelex Xobeh.
   107 | D        | Found an iron altar of Okawaru.
   108 | D        | Found a stormy altar of Qazlal.
   109 | D        | Found a sacrificial altar of Ru.
   110 | D        | Found a deep blue altar of Sif Muna.
   111 | D        | Found a bloodstained altar of Trog.
   112 | D        | Found a hide-covered altar of Uskayaw.
   113 | D        | Became a worshipper of Makhleb the Destroyer
   114 | D        | Found a radiant altar of Vehumet.
   115 | D        | Found an ornate altar of the Wu Jian Council.
   116 | D        | Found a shimmering altar of Xom.
   117 | D        | Found a basalt altar of Yredelemnul.
   118 | D        | Found a glowing silver altar of Zin.
   119 | D        | Found a glowing golden altar of the Shining One.
   287 | D        | Noticed an ogre
   287 | D        | Noticed a troll
   291 | D        | Killed a troll
   291 | D        | Reached skill level 8 in Armour
   291 | D        | Reached XP level 5. HP: 35/55 MP: 3/7
   291 | D        | Reached XP level 6. HP: 39/62 MP: 3/8
   293 | D        | Reached * piety under Makhleb
   293 | D        | Reached skill level 9 in Armour
   299 | D        | Reached ** piety under Makhleb
   382 | D        | Noticed a death knight
   382 | D        | Noticed a cyclops
   382 | D        | Noticed a yak
   384 | D        | Killed a yak
   384 | D        | Reached skill level 5 in Invocations
   384 | D        | Reached XP level 7. HP: 70/70 MP: 8/10
   387 | D        | Reached skill level 10 in Armour
   395 | D        | Killed a cyclops
   395 | D        | Reached *** piety under Makhleb
   395 | D        | Reached skill level 10 in Shields
   395 | D        | Reached XP level 8. HP: 79/79 MP: 9/12
   406 | D        | HP: 2/79 [death knight/+0 great sword (5)]
   407 | D        | Killed a death knight
   407 | D        | Reached skill level 10 in Fighting
   407 | D        | Reached skill level 11 in Armour
   762 | D        | Noticed a spiny frog
   767 | D        | Killed a spiny frog
   767 | D        | Reached **** piety under Makhleb
   767 | D        | Reached skill level 12 in Armour
   767 | D        | Reached XP level 9. HP: 86/86 MP: 12/14
   785 | D        | Reached ***** piety under Makhleb
   799 | D        | Reached skill level 1 in Long Blades
   821 | D        | Noticed a black mamba
   821 | D        | Noticed a spiny frog
   823 | D        | Killed a spiny frog
   833 | D        | Killed a black mamba
   833 | D        | Reached skill level 13 in Armour
   843 | D        | Reached ****** piety under Makhleb
   843 | D        | Reached skill level 5 in Long Blades
   843 | D        | Reached XP level 10. HP: 77/96 MP: 16/16
   849 | D        | Noticed a black mamba
   855 | D        | Reached skill level 10 in Invocations
   861 | D        | Killed a black mamba
  1084 | D        | Noticed a spiny frog
  1091 | D        | Killed a spiny frog
  1161 | D        | Noticed Erolcha
  1164 | D        | Killed Erolcha
  1164 | D        | Reached skill level 14 in Armour
  1167 | D        | Noticed Psyche
  1174 | D        | Killed Psyche
  1175 | D        | Noticed Gastronok
  1321 | D        | Killed Gastronok
  1321 | D        | Reached XP level 11. HP: 107/107 MP: 17/19
  1383 | D        | Noticed Eustachio
  1390 | D        | Killed Eustachio
  1551 | D        | Noticed an orc high priest
  1568 | D        | Killed an orc high priest
  1608 | D        | Found Nalergh's Magic Scroll Boutique.
  1608 | D        | Noticed an orc knight
  1608 | D        | Noticed an orc sorcerer
  1608 | D        | Noticed an orc sorcerer
  1610 | D        | Noticed an orc high priest
  1613 | D        | Killed an orc sorcerer
  1613 | D        | Reached skill level 10 in Long Blades
  1614 | D        | Noticed a soul eater
  1627 | D        | Noticed an orc knight
  1631 | D        | Noticed an orc high priest
  1632 | D        | Killed an orc sorcerer
  1641 | D        | Killed an orc knight
  1652 | D        | Killed an orc high priest
  1667 | D        | HP: 5/110 [smoke demon/divine providence[an orc high
                  | priest] (9)]
  1812 | D        | Killed an orc knight
  2227 | D        | Killed an orc high priest
  2264 | D        | Found Cesmimin's Antique Armour Shop.
  2268 | D        | Found Eclez's Antique Armour Boutique.
  2272 | D        | Found Leghux's Gadget Shop.
  2276 | D        | Noticed an orc high priest
  2285 | D        | Killed an orc high priest
  2300 | D        | Bought a runed plate armour for 832 gold pieces
  2313 | D        | Bought a pair of embroidered gloves for 202 gold pieces
  2313 | D        | Bought a pair of runed boots for 202 gold pieces
  2337 | D        | Identified a +2 pair of boots of running (You bought it in
                  | a shop in the Dungeon)
  2441 | D        | Got the +9 scythe of World Downfall {flame, Str+2}
  2478 | D        | Noticed a tengu warrior
  2492 | D        | Noticed an ice dragon
  2501 | D        | Reached skill level 1 in Polearms
  2510 | D        | Noticed an ettin
  2511 | D        | HP: 5/111 [tengu warrior/+0 war axe (7)]
  2511 | D        | HP: 2/111 [tengu warrior/+0 war axe (3)]
  2519 | D        | Killed a tengu warrior
  2519 | D        | Reached skill level 15 in Armour
  2527 | D        | Killed from afar by an ice dragon

Levels and vault maps discovered:
D:        linesprint [early_d, line_temple, items_1, d_10, items_2, lair_1,
          lair_end, items_3, orc_1, orc_end, items_4, d_15, swamp_1, shoals_1,
          snake_1, spider_1, d_20, vaults_1, items_5, swamp_end, shoals_end,
          snake_end, spider_end, vaults_end, d_27, items_6, zot_1, zot_end,
          crypt_end, forest_end, elf_end, slime_end, tomb_end, abyss_end,
          pan_hell_end]

Skill      XL: |  1  2  3  4  5  6  7  8  9 10 11 |
---------------+----------------------------------+-----
Fighting       | 4 6 8 9 10 11 13 14 | 14.6
Armour         | 4 6 8 9 10 12 13 14 15 | 15.0
Shields        | 4 6 8 9 10 11 13 14 | 14.2
Maces & Flails | 5 7 9 11 13 14 | 14.0
Invocations    | 4 5 6 8 9 12 14 | 14.9
Long Blades    | 5 9 10 | 10.9
Polearms       | 4 |  4.1

Action                   |  1- 3 |  4- 6 |  7- 9 | 10-12 || total
-------------------------+-------+-------+-------+-------++-------
Melee: Flail             |    28 |     9 |       |       ||    37
       Headbutt          |     3 |     8 |    21 |    43 ||    75
       Morningstar       |       |    14 |    81 |   175 ||   270
       Scythe            |       |       |       |    28 ||    28
Invok: Major Destruction |       |       |       |    13 ||    13
       Lesser Servant of |       |       |       |     5 ||     5
       Minor Destruction |       |       |       |     4 ||     4
  Use: Scroll            |       |       |       |     1 ||     1
       Potion            |       |       |       |     1 ||     1
  Eat: Chunk             |       |       |       |     3 ||     3
       Ration            |       |       |       |     1 ||     1
Armor: Scale mail        |    13 |     1 |       |       ||    14
       Chain mail        |       |     3 |     9 |    35 ||    47
       Plate armour      |       |       |       |    73 ||    73
Dodge: Dodged            |     8 |     6 |    13 |    42 ||    69
Block: Shield            |    11 |    17 |    29 |    63 ||   120

Table legend:
 A = Non-vault XP
 B = Vault XP
 C = Vault XP percentage of total XP
 D = Non-vault monster count
 E = Vault monster count
 F = Vault count percentage of total count
                 A         B        C        D         E       F
            +---------+---------+-------+---------+---------+-------
      Total |       0 |   20264 | 100.0 |       0 |      97 | 100.0
            +---------+---------+-------+---------+---------+-------
          D |       0 |   20264 | 100.0 |       0 |      97 | 100.0
            +---------+---------+-------+---------+---------+-------
